 Dungeon Crawl Stone Soup version 0.29.1-12-g30fa7ad0bf (webtiles) character file.

Game seed: 4645147475926031298

9994 javelincjr the Thaumaturge (level 11, -2/59 HPs)
             Began as a Deep Elf Conjurer on Jan 6, 2023.
             Was a Believer of Sif Muna.
             Shot with an arrow by a centaur (9 damage)
             ... on level 10 of the Dungeon.
             The game lasted 01:36:08 (12715 turns).

javelincjr the Thaumaturge (Deep Elf Conjurer)     Turns: 12715, Time: 01:36:09

Health: -2/59      AC: 14    Str:  6    XL:     11   Next: 30%
Magic:  10/29      EV: 14    Int: 26    God:    Sif Muna [**....]
Gold:   721        SH:  0    Dex: 13    Spells: 17/35 levels left

rFire   . . .      SeeInvis .   n - +4 dagger (protect)
rCold   . . .      Faith    .   (no shield)
rNeg    . . .      Spirit   .   L - +0 steam dragon scales
rPois   +          Reflect  .   o - +2 helmet
rElec   .          Harm     .   p - +2 cloak
rCorr   .          Rampage  .   k - +2 pair of gloves
Will    +....      Clarity  +   (no boots)
Stlth   ++++......              (no amulet)
HPRegen 0.19/turn               u - ring of flight
MPRegen 0.21/turn               A - ring of wizardry

@: flying
A: clarity, poison resistance
a: Renounce Religion, Channel Magic


You were on level 10 of the Dungeon.
You worshipped Sif Muna.
Sif Muna was pleased with you.
You visited 2 branches of the dungeon, and saw 11 of its levels.
You also visited: Ossuary.

You collected 721 gold pieces.

Inventory:

Hand Weapons
 i - a +2 quarterstaff of chaos
 j - a +1 short sword of draining
 n - a +4 dagger of protection (weapon)
 r - a +2 halberd of venom
 T - a +0 demon whip of venom
Missiles
 s - 6 boomerangs (quivered)
 z - 5 atropa-tipped darts
 B - a throwing net
 C - 19 poisoned darts
 I - 65 stones
Armour
 e - a +0 ring mail of poison resistance
 k - a +2 pair of gloves (worn)
 o - a +2 helmet (worn)
 p - a +2 cloak (worn)
 v - the +1 ring mail of Watchfulness {rF+}
   (You found it on level 7 of the Dungeon)

   rF:        It protects you from fire.
 y - a +2 robe
 L - +0 steam dragon scales (worn)
Magical Staves
 h - a staff of poison
 Q - a staff of cold
Jewellery
 u - a ring of flight (left hand)
 w - a +6 ring of strength
 A - a ring of wizardry (right hand)
 G - a ring of positive energy
 J - a ring of see invisible
 P - an amulet of regeneration
Wands
 t - a wand of mindburst (6)
 R - a wand of quicksilver (6)
 U - a wand of charming (2)
Scrolls
 c - a scroll of identify
 d - a scroll of brand weapon
 f - a scroll of butterflies
 l - 3 scrolls of poison
 q - a scroll of fear
 M - a scroll of blinking
 O - 2 scrolls of teleportation
 V - a scroll of torment {unknown}
Potions
 a - 3 potions of brilliance
 b - a potion of magic
 g - 2 potions of invisibility
 m - 3 potions of flight
 x - 3 potions of resistance
 D - 6 potions of curing
 E - a potion of mutation
 F - a potion of haste {unknown}
 H - a potion of lignification {unknown}
 K - a potion of cancellation {unknown}
 N - a potion of heal wounds {unknown}
 S - 3 potions of attraction {unknown}


   Skills:
 + Level 2.8 Fighting
 + Level 4.7 Short Blades
 + Level 0.1 Staves
 + Level 6.2 Dodging
 + Level 7.6 Stealth
 + Level 12.8 Spellcasting
 + Level 10.5 Conjurations
 + Level 4.8 Hexes
 + Level 0.9 Summonings
 + Level 3.8 Translocations
 + Level 3.5 Air Magic
 + Level 3.7 Poison Magic


You had 17 spell levels left.
You knew the following spells:

 Your Spells              Type           Power      Damage    Failure   Level
a - Magic Dart            Conj           100%       1d8       1%          1
b - Searing Ray           Conj           100%       2d8       1%          2
c - Poisonous Vapours     Pois/Air       70%        N/A       1%          2
d - Mephitic Cloud        Conj/Pois/Air  47%        N/A       1%          3
e - Iskenderun's Mystic   Conj/Tloc      52%        2d11      1%          4
f - Fulminant Prism       Conj/Hex       27%        3d14      1%          4
g - Call Imp              Summ           21%        N/A       1%          2

Your spell library contained the following spells:

 Spells                   Type           Power      Damage    Failure   Level
 Dazzling Flash           Conj/Hex       100%       N/A       1%          3
 Corpse Rot               Necr/Pois/Air  29%        N/A       5%          4


Dungeon Overview and Level Annotations

Branches:
Dungeon (10/15)            Temple (1/1) D:6            Lair (0/5) D:9
Ossuary (visited)
    Orc: D:9-12

Altars:
Ashenzari
Cheibriados
Dithmenos
Elyvilon
Fedhas
Gozag
Hepliaklqana
Makhleb
Nemelex Xobeh
Okawaru
Qazlal
Ru
Sif Muna
Uskayaw
Vehumet
Wu Jian
Xom
Yredelemnul
Zin

Shops:
D:3 ?   D:7 (   D:8 *

Annotations:
D:10 2 transporters, Erolcha, Gastronok


Innate Abilities, Weirdness & Mutations

You possess an exceptional clarity of mind.
Your system is resistant to poisons. (rPois)


Message History

The vampire mosquito is severely damaged.
The vampire mosquito is knocked back by the mystic blast.
A centaur comes into view.
The centaur wields a +0 shortbow.
The centaur shoots an arrow.
The arrow hits you.
The centaur shoots an arrow.
The arrow misses you.
The centaur shoots an arrow.
The arrow hits you.
Found a stone staircase leading down.
The centaur shoots an arrow.
The arrow hits you but does no damage.
The centaur shoots an arrow.
The arrow closely misses you.
Casting: Iskenderun's Mystic Blast (dangerous; 1% risk of failure)
Confirm with . or Enter, or press ? or * to list all spells.
You erupt in a blast of force!
The mystic blast hits the vampire mosquito!
You destroy the vampire mosquito!
Sif Muna accepts your kill.
The centaur shoots an arrow.
The arrow hits you but does no damage.
The centaur shoots an arrow.
The arrow hits you but does no damage. The acid dragon spits acid at you.
The splash of acid hits you!!
* * * LOW HITPOINT WARNING * * *
The centaur shoots an arrow.
The arrow completely misses you.
As you read the scroll of butterflies, it crumbles to dust.
You hear the tinkle of a tiny bell.
You swap places.
The centaur unwields a +0 shortbow.
The centaur barely misses your butterfly.
The centaur kicks your butterfly.
Your butterfly dies!
Your butterfly disappears in a burst of colours!
The acid dragon bites your butterfly.
Your butterfly dies!
Your butterfly disappears in a burst of colours!
The centaur closely misses your butterfly.
The centaur misses your butterfly.
The acid dragon closely misses your butterfly.
The acid dragon completely misses your butterfly.
The centaur completely misses your butterfly.
The centaur barely misses your butterfly.
The centaur wields a +0 shortbow.
The centaur shoots an arrow.
The arrow hits you!
You die...

... #..#.....#
###'##..#.....#
.......†#.....#
...b..bD#.....#
..bb.c..#.....##
....b...#......#
...b....#......#
...bbb[.#......#
.....b.@###'####..
.....bb..<.........
...................
...................
###############....
.... ... ..


You could see an acid dragon (ally target) and a centaur (ally target).

Vanquished Creatures
  2 two-headed ogres
  Amaemon (D:8)
  Pikel (D:3)
  An orange demon (D:8)
  An unseen horror (D:6)
  A hornet (D:9)
  Sigmund (D:4)
  A shadow (D:9)
  A wraith (D:9)
  2 wyverns
  4 yaks (D:9)
  2 vampires
  2 steam dragons
  Grum (D:8)
  Menkaure (D:4)
  3 vampire mosquitoes (D:10)
  4 water moccasins
  2 acid dragons (D:9)
  2 orc warriors (D:9)
  An ice beast (D:5)
  A sky beast (D:6)
  A black bear (D:7)
  2 wolves (D:8)
  An ogre (D:6)
  2 centaurs
  2 lemures
  2 phantoms
  Blork the orc (D:4)
  2 bullfrogs
  A kobold brigand (D:8)
  A gnoll sergeant (D:6)
  2 scorpions
  4 wights (D:7)
  18 killer bees
  4 howler monkeys
  5 centaur zombies (Ossuary)
  A human zombie (Ossuary)
  3 jellies
  2 gnoll boudas (D:6)
  5 orc priests
  Crazy Yiuf (D:4)
  3 hounds
  An iguana (D:7)
  13 orc wizards
  3 mummies (Ossuary)
  Robin (D:2)
  16 gnolls
  5 adders
  5 white imps
  4 adder zombies (Ossuary)
  3 dart slugs
  38 orcs
  5 bats
  7 endoplasms
  4 giant cockroaches
  A gnoll zombie (Ossuary)
  7 hobgoblins
  6 jackals
  5 quokkas
  6 ball pythons
  6 frilled lizards
  13 goblins
  3 goblin zombies (Ossuary)
  3 hobgoblin zombies (Ossuary)
  4 jackal zombies (Ossuary)
  14 kobolds
  2 kobold zombies (Ossuary)
  An orc zombie (Ossuary)
  8 quokka zombies (Ossuary)
  6 rats
  4 rat zombies (Ossuary)
  2 fulminant prisms
294 creatures vanquished.

Vanquished Creatures (others)
  48 fulminant prisms
48 creatures vanquished.

Grand Total: 342 creatures vanquished

Notes
Turn   | Place    | Note
-------+----------+-------------------------------------------
     0 | D:1      | javelincjr the Deep Elf Conjurer began the quest for the
                  | Orb.
     0 | D:1      | Reached XP level 1. HP: 10/10 MP: 6/6
    54 | D:1      | Found a faded altar of an unknown god.
   188 | D:1      | Reached XP level 2. HP: 15/15 MP: 4/8
   265 | D:1      | Learned a level 2 spell: Searing Ray
   480 | D:1      | Reached skill level 5 in Conjurations
   934 | D:1      | Reached XP level 3. HP: 19/19 MP: 7/9
  1547 | D:2      | Noticed Robin
  1561 | D:2      | Killed Robin
  1772 | D:2      | Found a glowing silver altar of Zin.
  1962 | D:2      | Reached XP level 4. HP: 24/24 MP: 7/11
  2254 | D:3      | Reached skill level 4 in Spellcasting
  2332 | D:3      | Reached XP level 5. HP: 28/28 MP: 6/13
  2539 | D:3      | Found Liyhutho's Magic Scroll Emporium.
  2697 | D:3      | Reached skill level 1 in Short Blades
  2769 | D:3      | Found a burning altar of Makhleb.
  2819 | D:3      | Found a snail-covered altar of Cheibriados.
  2878 | D:3      | Reached skill level 5 in Spellcasting
  3419 | D:4      | Noticed a lemure
  3419 | D:4      | Noticed a lemure
  3427 | D:3      | Learned a level 2 spell: Poisonous Vapours
  3438 | D:4      | Killed a lemure
  3440 | D:4      | Noticed a lemure
  3529 | D:4      | Noticed Pikel
  3533 | D:4      | Noticed a lemure
  3546 | D:3      | Killed a lemure
  3547 | D:3      | Killed Pikel
  3548 | D:3      | Reached skill level 1 in Fighting
  3548 | D:3      | Reached skill level 6 in Spellcasting
  3548 | D:3      | Reached XP level 6. HP: 31/34 MP: 0/17
  3548 | D:3      | Reached XP level 7. HP: 35/38 MP: 0/19
  3800 | D:4      | Found a radiant altar of Vehumet.
  3826 | D:4      | Noticed Menkaure
  4069 | D:4      | Killed Menkaure
  4070 | D:4      | Reached skill level 7 in Spellcasting
  4401 | D:4      | Reached skill level 1 in Poison Magic
  4507 | D:4      | Noticed Blork the orc
  4518 | D:4      | Killed Blork the orc
  4756 | D:4      | Found a runed translucent door.
  4757 | D:4      | Noticed Crazy Yiuf
  4767 | D:4      | Killed Crazy Yiuf
  5010 | D:4      | Reached skill level 1 in Air Magic
  5010 | D:4      | Reached XP level 8. HP: 43/43 MP: 15/21
  5046 | D:4      | Noticed Sigmund
  5061 | D:4      | Killed Sigmund
  5062 | D:4      | Reached skill level 5 in Stealth
  5376 | D:5      | Entered Level 5 of the Dungeon
  5415 | D:5      | Reached skill level 8 in Spellcasting
  5914 | D:5      | Found a sparkling altar of Nemelex Xobeh.
  6123 | D:5      | Found a glowing silver altar of Zin.
  6231 | D:5      | Found a stormy altar of Qazlal.
  6276 | D:5      | Found a basalt altar of Yredelemnul.
  6714 | D:6      | Reached skill level 9 in Spellcasting
  6762 | D:6      | Reached XP level 9. HP: 47/47 MP: 15/24
  6820 | D:6      | Found a staircase to the Ecumenical Temple.
  6859 | D:6      | Learned a level 3 spell: Mephitic Cloud
  6864 | D:6      | Learned a level 4 spell: Iskenderun's Mystic Blast
  6869 | D:6      | Learned a level 4 spell: Fulminant Prism
  6887 | D:6      | Found a sand-covered staircase.
  6896 | Ossuary  | Entered an ossuary
  7713 | D:6      | Found a white marble altar of Elyvilon.
  7723 | D:6      | Found a transporter.
  7744 | D:6      | Found a transporter.
  7829 | Temple   | Entered the Ecumenical Temple
  7838 | Temple   | Became a worshipper of Sif Muna the Loreminder
  7915 | Temple   | Gained mutation: Your system is resistant to poisons.
                  | (rPois) [potion of mutation]
  7915 | Temple   | Gained mutation: You possess an exceptional clarity of
                  | mind. [potion of mutation]
  8149 | D:6      | Learned a level 2 spell: Call Imp
  8401 | D:7      | Reached skill level 5 in Dodging
  8542 | D:7      | Identified the +1 ring mail of Watchfulness {rF+}
  8621 | D:7      | Reached skill level 10 in Spellcasting
  9139 | D:7      | Reached XP level 10. HP: 52/54 MP: 13/26
  9316 | D:7      | Found a broken altar of Ashenzari.
  9384 | D:7      | Found Ocea's Weapon Shop.
  9420 | D:7      | Found an ornate altar of the Wu Jian Council.
  9545 | D:7      | Reached * piety under Sif Muna
  9881 | D:8      | Found a shadowy altar of Dithmenos.
 10154 | D:8      | Found Wyum's Mayhem Merchandise.
 10159 | D:8      | Noticed Amaemon
 10159 | D:8      | Noticed an orange demon
 10164 | D:8      | Noticed Grum
 10175 | D:8      | Killed Grum
 10176 | D:8      | Reached skill level 1 in Hexes
 10179 | D:8      | Noticed a two-headed ogre
 10326 | D:6      | Reached skill level 11 in Spellcasting
 10326 | D:6      | Reached skill level 1 in Translocations
 10965 | D:8      | Killed a two-headed ogre
 11244 | D:8      | Killed an orange demon
 11257 | D:8      | Killed Amaemon
 11258 | D:8      | Reached skill level 12 in Spellcasting
 11258 | D:8      | Reached skill level 10 in Conjurations
 11425 | D:9      | Found a hide-covered altar of Uskayaw.
 11518 | D:9      | Reached XP level 11. HP: 45/59 MP: 1/29
 11702 | D:9      | Reached ** piety under Sif Muna
 12154 | D:9      | Found a staircase to the Lair.
 12603 | D:10     | Entered Level 10 of the Dungeon
 12603 | D:10     | Noticed Gastronok
 12603 | D:10     | Noticed a two-headed ogre
 12603 | D:10     | Found a transporter.
 12603 | D:10     | Found a transporter.
 12615 | D:10     | Killed a two-headed ogre
 12699 | D:10     | Noticed Erolcha
 12715 | D:10     | Shot with an arrow by a centaur

Illustrated notes

Levels and vault maps discovered:
D:1:      tarquinn_simple_flora_water_a, layout_loops_corners,
          ebering_ecumenical_altar_abandoned
D:2:      layout_basic, basic_altar, uniq_robin
D:3:      layout_basic, mainiacjoe_overflow_concentric_impassable,
          lemuel_crystal_altar, serial_shops, shop_scrolls, minivault_27
D:4:      layout_gridville, marbit_many_paths, minmay_misc_feat_columns,
          uniq_blork_the_orc, uniq_menkaure, uniq_sigmund,
          uniq_crazy_yiuf_cottage, uniq_pikel
D:5:      layout_loops_cross, mainiacjoe_overflow_alcove_2,
          nemelex_spade_bored_becter, nicolae_overflow_hidden_temple,
          mainiacjoe_overflow_tiny_flanked, serial_rivers,
          chequers_serial_rivers_small_3, chequers_serial_rivers_micro_a,
          chequers_serial_rivers_micro_c, chequers_serial_rivers_marsh,
          minmay_diced_spiral
D:6:      layout_loops_ring, gammafunk_temple_overflow_arena,
          minmay_temple_entry_water_ring, nicolae_ossuary_entry_monument,
          st_stairs_4
D:7:      layout_basic, nicolae_ashenzari_panopticon, kennysheep_mini,
          serial_shops, nicolae_shop_statue_plus, chequers_serial_rivers_micro_a
D:8:      layout_layer_cave, grunt_dithmenos_smoke, minmay_shop_mayhem,
          amcnicky_mini_pool_small, chequers_mini_garden, uniq_amaemon,
          uniq_grum
D:9:      layout_irregular_city, mainiacjoe_overflow_paths, lair_entry_dummy,
          hex_medium
D:10:     layout_irregular_city, general_overflow_altar, jmf_multi_god_temple,
          nrook_campfire, nicolae_diode_stairs, uniq_erolcha, uniq_lodul,
          uniq_gastronok
Temple:   nicolae_temple_great_sept

Skill      XL: |  1  2  3  4  5  6  7  8  9 10 11 |
---------------+----------------------------------+-----
Conjurations   | 5 6 7 8 9 10 | 10.5
Stealth        | 3 4 6 7 |  7.6
Spellcasting   | 4 6 7 9 10 12 | 12.8
Short Blades   | 1 2 4 |  4.7
Fighting       | 1 2 |  2.8
Dodging        | 3 4 5 6 |  6.2
Poison Magic   | 1 2 3 |  3.7
Air Magic      | 1 2 3 |  3.5
Hexes          | 3 4 |  4.8
Translocations | 2 3 |  3.8
Staves         | |  0.1
Summonings     | |  0.9

Action                   |  1- 3 |  4- 6 |  7- 9 | 10-12 || total
-------------------------+-------+-------+-------+-------++-------
Melee: Staff             |     3 |       |     3 |       ||     6
       Short sword       |    12 |     1 |       |       ||    13
       Punch             |     1 |       |     6 |       ||     7
       Dagger            |       |       |   126 |    41 ||   167
 Cast: Magic Dart        |    49 |    42 |    50 |    22 ||   163
       Searing Ray       |     4 |    19 |    59 |     7 ||    89
       Poisonous Vapours |       |     2 |    15 |     4 ||    21
       Fulminant Prism   |       |       |     7 |    43 ||    50
       Iskenderun's Myst |       |       |     6 |    22 ||    28
       Mephitic Cloud    |       |       |     6 |     3 ||     9
       Call Imp          |       |       |     1 |     3 ||     4
  Use: Scroll            |       |       |    19 |     2 ||    21
       Potion            |       |       |     1 |       ||     1
 Stab: Sleeping          |       |       |     7 |       ||     7
       Confused          |       |       |       |     1 ||     1
Armor: Robe              |     3 |     8 |    85 |       ||    96
       Steam dragon scal |       |       |       |    33 ||    33
Dodge: Dodged            |    17 |    13 |   130 |    49 ||   209
